% Time on Ice - CALGARY FIREMEN
Lines # - Real PCT - Wanted PCT - Time Play
Normal Forward
1 - 18% - 36% - 9:25
2 - 35% - 31% - 17:58
3 - 26% - 23% - 13:04
4 - 21% - 10% - 10:33
Normal Defense
1 - 32% - 36% - 16:14
2 - 34% - 31% - 17:35
3 - 28% - 23% - 14:16
4 - 6% - 10% - 2:55
PP Forward
1 - 68% - 55% - 3:52
2 - 32% - 45% - 1:47
PP Defense
1 - 72% - 55% - 4:04
2 - 28% - 45% - 1:35
PK Forward
1 - 61% - 55% - 2:02
2 - 39% - 45% - 1:19
PK Defense
1 - 55% - 55% - 1:51
2 - 45% - 45% - 1:30
PK3 Forward
1 - 0% - 55%
2 - 0% - 45%
PK3 Defense
1 - 0% - 55%
2 - 0% - 45%
44 Forward
1 - 0% - 55%
2 - 0% - 45%
44 Defense
1 - 0% - 55%
2 - 0% - 45%
Last Minute Offensive  - 0:00
Last Minute Defensive  - 0:00
Total
Forward - 60:00
Defense - 60:00
% Time on Ice - SPOKANE KNIGHTS
Lines # - Real PCT - Wanted PCT - Time Play
Normal Forward
1 - 30% - 30% - 15:12
2 - 30% - 30% - 15:13
3 - 19% - 20% - 9:45
4 - 21% - 20% - 10:50
Normal Defense
1 - 25% - 30% - 12:31
2 - 30% - 30% - 15:32
3 - 29% - 20% - 15:00
4 - 16% - 20% - 7:57
PP Forward
1 - 31% - 60% - 1:02
2 - 69% - 40% - 2:19
PP Defense
1 - 34% - 60% - 1:08
2 - 66% - 40% - 2:13
PK Forward
1 - 49% - 50% - 2:45
2 - 51% - 50% - 2:54
PK Defense
1 - 68% - 60% - 3:52
2 - 32% - 40% - 1:47
PK3 Forward
1 - 0% - 60%
2 - 0% - 40%
PK3 Defense
1 - 0% - 60%
2 - 0% - 40%
44 Forward
1 - 0% - 50%
2 - 0% - 50%
44 Defense
1 - 0% - 60%
2 - 0% - 40%
Last Minute Offensive  - 0:00
Last Minute Defensive  - 0:00
Total
Forward - 60:00
Defense - 60:00
Play-by-Play 1st period 0:01 of 1st period - Quinton Byfield wins face-off versus Filip Forsberg in neutral zone. 0:05 of 1st period - Minor Penalty to Brady Tkachuk for Tripping. 0:06 of 1st period - Anthony Cirelli wins face-off versus Filip Forsberg in SPOKANE KNIGHTS zone. 0:38 of 1st period - Shot by Jake McCabe. 0:38 of 1st period - Shot Misses the Net. 0:40 of 1st period - Shot by Jamie Oleksiak. 0:40 of 1st period - Shot Hit the Post. 1:46 of 1st period - Icing by Olli Maatta. 1:47 of 1st period - Mason Marchment wins face-off versus Tyler Motte in CALGARY FIREMEN zone. 2:00 of 1st period - Shot by Yakov Trenin. 2:00 of 1st period - Deflect By Mason Marchment. 2:00 of 1st period - Shot Misses the Net. 3:16 of 1st period - Shot by Sonny Milano. 3:16 of 1st period - Shot Misses the Net. 3:48 of 1st period - Shot by Jakob Silfverberg. 3:48 of 1st period - Shot Misses the Net. 3:56 of 1st period - Shot by Zach Parise. 3:56 of 1st period - Shot Misses the Net. 3:58 of 1st period - Shot by Jonathon Merrill. 3:58 of 1st period - Stopped by Samuel Ersson without a rebound. 3:59 of 1st period - Patrice Bergeron wins face-off versus Yakov Trenin in CALGARY FIREMEN zone. 4:19 of 1st period - Shot by Patrice Bergeron. 4:19 of 1st period - Stopped by Samuel Ersson with a rebound. 5:18 of 1st period - Shot by Anthony Cirelli. 5:18 of 1st period - Shot Misses the Net. 5:20 of 1st period - Shot by Jonathon Merrill. 5:20 of 1st period - Goal by Jonathon Merrill - CALGARY FIREMEN : 0 - SPOKANE KNIGHTS : 1. 5:21 of 1st period - Quinton Byfield wins face-off versus Sonny Milano in neutral zone. 7:02 of 1st period - Shot by Jakob Silfverberg. 7:02 of 1st period - Stopped by Matthew Murray without a rebound. 7:03 of 1st period - Quinton Byfield wins face-off versus Fabian Zetterlund in SPOKANE KNIGHTS zone. 7:51 of 1st period - Shot by Oskar Lindblom. 7:51 of 1st period - Shot Misses the Net. 8:01 of 1st period - Shot by Yakov Trenin. 8:01 of 1st period - Shot Misses the Net. 8:03 of 1st period - Shot by Jordan Oesterle. 8:03 of 1st period - Shot Blocked by Zach Parise. 8:05 of 1st period - Shot by Colton White. 8:05 of 1st period - Shot Blocked by Quinton Byfield. 8:15 of 1st period - Shot by Filip Forsberg. 8:15 of 1st period - Stopped by Matthew Murray without a rebound. 8:16 of 1st period - Anthony Cirelli wins face-off versus Jakob Silfverberg in SPOKANE KNIGHTS zone. 8:16 of 1st period - Anthony Cirelli is hit by Jakob Silfverberg. 8:24 of 1st period - Shot by Anthony Cirelli. 8:24 of 1st period - Stopped by Samuel Ersson with a rebound. 8:28 of 1st period - Shot by Anthony Cirelli. 8:28 of 1st period - Stopped by Samuel Ersson with a rebound. 8:30 of 1st period - Shot by Nathan Beaulieu. 8:30 of 1st period - Shot Misses the Net. 8:32 of 1st period - Shot by Anthony Cirelli. 8:32 of 1st period - Stopped by Samuel Ersson without a rebound. 8:33 of 1st period - Nicklas Backstrom wins face-off versus Brett Howden in CALGARY FIREMEN zone. 9:02 of 1st period - Shot by Brett Howden. 9:02 of 1st period - Stopped by Matthew Murray without a rebound. 9:03 of 1st period - Michael McCarron wins face-off versus Anthony Cirelli in SPOKANE KNIGHTS zone. 9:43 of 1st period - Icing by Evan Bouchard. 9:44 of 1st period - Anthony Cirelli wins face-off versus Mason Marchment in SPOKANE KNIGHTS zone. 10:28 of 1st period - Shot by Patrice Bergeron. 10:28 of 1st period - Deflect By Derek Grant. 10:28 of 1st period - Shot Misses the Net. 10:30 of 1st period - Shot by Patrice Bergeron. 10:30 of 1st period - Goal by Patrice Bergeron - CALGARY FIREMEN : 0 - SPOKANE KNIGHTS : 2. 10:31 of 1st period - Brett Howden wins face-off versus Quinton Byfield in neutral zone. 11:09 of 1st period - Shot by Quinton Byfield. 11:09 of 1st period - Stopped by Samuel Ersson with a rebound. 11:09 of 1st period - Samuel Ersson from CALGARY FIREMEN is injured at 11:09 of 1st period (Strained Left Elbow). 11:09 of 1st period - Garret Sparks enters game. 11:10 of 1st period - Michael McCarron wins face-off versus Nicklas Backstrom in CALGARY FIREMEN zone. 11:21 of 1st period - Shot by Jakob Silfverberg. 11:21 of 1st period - Stopped by Matthew Murray with a rebound. 12:03 of 1st period - Shot by Patrice Bergeron. 12:03 of 1st period - Stopped by Garret Sparks without a rebound. 12:04 of 1st period - Patrice Bergeron wins face-off versus Oskar Lindblom in CALGARY FIREMEN zone. 12:39 of 1st period - Patrice Bergeron is hit by Jake McCabe and loses puck. 12:45 of 1st period - Icing by Jamie Oleksiak. 12:46 of 1st period - Anthony Cirelli wins face-off versus Mason Marchment in CALGARY FIREMEN zone. 12:46 of 1st period - Rasmus Kupari is hit by Jake McCabe and loses puck. 12:52 of 1st period - Anthony Cirelli is hit by Jamie Oleksiak and loses puck. 13:08 of 1st period - Shot by Anthony Cirelli. 13:08 of 1st period - Goal by Anthony Cirelli - CALGARY FIREMEN : 0 - SPOKANE KNIGHTS : 3. 13:09 of 1st period - Filip Forsberg wins face-off versus Quinton Byfield in neutral zone. 13:30 of 1st period - Shot by Filip Forsberg. 13:30 of 1st period - Stopped by Matthew Murray without a rebound. 13:31 of 1st period - Patrice Bergeron wins face-off versus Filip Forsberg in SPOKANE KNIGHTS zone. 13:31 of 1st period - Patrice Bergeron is hit by Brett Howden. 13:56 of 1st period - Shot by Derek Grant. 13:56 of 1st period - Shot Misses the Net. 13:58 of 1st period - Shot by Chad Ruhwedel. 13:58 of 1st period - Shot Blocked by Colton White. 14:00 of 1st period - Shot by Tyler Motte. 14:00 of 1st period - Shot Misses the Net. 14:02 of 1st period - Shot by Derek Grant. 14:02 of 1st period - Deflect By Patrice Bergeron. 14:02 of 1st period - Stopped by Garret Sparks without a rebound. 14:03 of 1st period - Michael McCarron wins face-off versus Quinton Byfield in CALGARY FIREMEN zone. 14:10 of 1st period - Quinton Byfield is hit by Michael McCarron and loses puck. 14:36 of 1st period - Minor Penalty to Brady Tkachuk for Interference. 14:37 of 1st period - Derek Grant wins face-off versus Mason Marchment in SPOKANE KNIGHTS zone. 14:48 of 1st period - Shot by Tyler Motte. 14:48 of 1st period - Stopped by Garret Sparks without a rebound. 14:49 of 1st period - Filip Forsberg wins face-off versus Derek Grant in CALGARY FIREMEN zone. 14:51 of 1st period - Icing by Jakob Silfverberg. 14:52 of 1st period - Derek Grant wins face-off versus Filip Forsberg in CALGARY FIREMEN zone. 15:08 of 1st period - Icing by Jamie Oleksiak. 15:09 of 1st period - Anthony Cirelli wins face-off versus Filip Forsberg in CALGARY FIREMEN zone. 15:18 of 1st period - Shot by Tyler Motte. 15:18 of 1st period - Shot Misses the Net. 15:47 of 1st period - Icing by Jake McCabe. 15:48 of 1st period - Filip Forsberg wins face-off versus Tyler Motte in CALGARY FIREMEN zone. 16:55 of 1st period - Icing by Tucker Poolman. 16:56 of 1st period - Quinton Byfield wins face-off versus Fabian Zetterlund in SPOKANE KNIGHTS zone. 17:47 of 1st period - Shot by Tyler Motte. 17:47 of 1st period - Shot Blocked by Olli Maatta. 18:04 of 1st period - Patrice Bergeron is hit by Mason Marchment and loses puck. 18:29 of 1st period - Icing by Filip Forsberg. 18:30 of 1st period - Anthony Cirelli wins face-off versus Brett Howden in CALGARY FIREMEN zone. 18:41 of 1st period - Shot by Anthony Cirelli. 18:41 of 1st period - Stopped by Garret Sparks without a rebound. 18:42 of 1st period - Nicklas Backstrom wins face-off versus Filip Forsberg in CALGARY FIREMEN zone. 18:47 of 1st period - Shot by Shane Pinto. 18:47 of 1st period - Shot Misses the Net. 18:59 of 1st period - Icing by Jake McCabe. 19:00 of 1st period - Anthony Cirelli wins face-off versus Filip Forsberg in CALGARY FIREMEN zone. 19:36 of 1st period - Icing by Jake McCabe. 19:37 of 1st period - Quinton Byfield wins face-off versus Filip Forsberg in CALGARY FIREMEN zone. 19:46 of 1st period - Shot by Zach Parise. 19:46 of 1st period - Stopped by Garret Sparks with a rebound. Goals for this period are 0 for CALGARY FIREMEN vs 3 for SPOKANE KNIGHTS. Shots for this period are 5 for CALGARY FIREMEN vs 14 for SPOKANE KNIGHTS. 2nd period 0:01 of 2nd period - Patrice Bergeron wins face-off versus Filip Forsberg in neutral zone. 0:36 of 2nd period - Icing by Jonathon Merrill. 0:37 of 2nd period - Patrice Bergeron wins face-off versus Mason Marchment in SPOKANE KNIGHTS zone. 0:49 of 2nd period - Icing by Yakov Trenin. 0:50 of 2nd period - Rasmus Kupari wins face-off versus Mason Marchment in CALGARY FIREMEN zone. 0:51 of 2nd period - Shot by Anthony Cirelli. 0:51 of 2nd period - Shot Misses the Net. 0:54 of 2nd period - Icing by Oskar Lindblom. 0:55 of 2nd period - Nicklas Backstrom wins face-off versus Mason Marchment in CALGARY FIREMEN zone. 1:07 of 2nd period - Mason Marchment is hit by Chad Ruhwedel and loses puck. 1:13 of 2nd period - Yakov Trenin is hit by Chad Ruhwedel and loses puck. 1:16 of 2nd period - Shot by Mason Marchment. 1:16 of 2nd period - Stopped by Matthew Murray with a rebound. 1:46 of 2nd period - Off-side. 1:47 of 2nd period - Filip Forsberg wins face-off versus Anthony Cirelli in neutral zone. 2:06 of 2nd period - Shot by Rasmus Kupari. 2:06 of 2nd period - Stopped by Garret Sparks without a rebound. 2:07 of 2nd period - Quinton Byfield wins face-off versus Brett Howden in CALGARY FIREMEN zone. 2:24 of 2nd period - Shot by Zach Parise. 2:24 of 2nd period - Shot Misses the Net. 3:19 of 2nd period - Fabian Zetterlund is hit by Evan Bouchard and loses puck. 4:14 of 2nd period - Shot by Tyler Motte. 4:14 of 2nd period - Stopped by Garret Sparks with a rebound. 4:32 of 2nd period - Shot by Tyler Mott